[Event "IV Copa Marcel Duchamp 2020"]
[Site "Montevideo"]
[Date "2020.02.15"]
[Round "9.21"]
[White "Aguilar Samper, Valentin"]
[Black "Curi, Gabriel"]
[Result "1/2-1/2"]
[ECO "A20"]
[WhiteElo "1946"]
[BlackElo "2132"]
[Annotator "NA"]
[PlyCount "92"]
[EventDate "2020.02.08"]
[EventType "swiss"]
[EventCountry "URU"]
[SourceTitle "playchess.com"]
[Source "ChessBase"]
[SourceQuality "1"]
[TimeControl "5400+30"]

1. c4 e5 2. g3 Nc6 3. Bg2 f5 4. Nc3 Nf6 5. e3 g6 6. Nge2 Bg7 7. O-O O-O 8. Rb1 Ne7 9. d4 d6 10. Nd5 (10. b3 $14) 10... c6 $14 (10... Nexd5 $15 11. cxd5 b6) 11. Nxf6+ Bxf6 12. Nc3 Qe8 13. b3 Qf7 14. Ba3 exd4 15. exd4 Rd8 16. Re1 Qg7 17. Qd2 f4 18. Qxf4 Nf5 19. Ne4 Bxd4 20. Rbd1 c5 21. Ng5 Rf8 22. Bd5+ Kh8 23. Nf7+ Rxf7 24. Bxf7 Qxf7 25. g4 g5 26. Qe4 Bd7 27. Qxb7 Rf8 28. gxf5 Qxf5 29. Qg2 Qxf2+ 30. Qxf2 Bxf2+ 31. Kf1 Bh3+ 32. Ke2 Bg4+ 33. Kd3 Bxd1 34. Bb2+ Bd4 35. Bxd4+ cxd4 36. Rxd1 Rf2 37. Ke4 Rxh2 38. Kf5 Rxa2 39. Kxg5 Rb2 40. Rxd4 Rxb3 41. Rxd6 Rc3 42. Rd8+ Kg7 43. Rd7+ Kg8 44. Rd8+ Kf7 45. Rd7+ Ke6 46. Rxa7 Ke5 1/2-1/2

[Event "IV Copa Marcel Duchamp 2020"]
[Site "Montevideo"]
[Date "2020.02.15"]
[Round "9.22"]
[White "Barandiaran, Gabriel"]
[Black "Guerrero, Alvaro"]
[Result "0-1"]
[ECO "A00"]
[WhiteElo "1834"]
[BlackElo "2094"]
[Annotator "NA"]
[PlyCount "110"]
[EventDate "2020.02.08"]
[EventType "swiss"]
[EventCountry "URU"]
[SourceTitle "playchess.com"]
[Source "ChessBase"]
[SourceQuality "1"]
[TimeControl "5400+30"]

1. b4 f5 2. Bb2 Nf6 3. Nf3 c6 4. e3 d5 5. c4 e6 6. c5 b6 7. d4 a5 8. a3 Be7 9. Ne5 O-O 10. Be2 Qc7 11. Nd2 Na6 $14 12. cxb6 Qxb6 13. Qa4 axb4 14. Qxc6 Rb8 15. a4 Qa7 16. Bb5 Rb6 17. Qc2 Nb8 18. O-O Ba6 19. Bxa6 Rxa6 20. Rfc1 Bd6 21. Ndf3 Ne4 22. Ne1 f4 23. exf4 Bxe5 24. dxe5 Rxf4 25. Nd3 Rf8 26. Qc7 Nd2 27. Qxa7 Rxa7 28. Nc5 Kf7 29. Bd4 Rc7 30. a5 Nc4 31. a6 Nc6 32. Nb3 Ra8 33. f4 Kg6 34. Bc5 Kf5 35. g3 g5 36. fxg5 Kxg5 37. Bd6 Rca7 38. Nc5 N6xe5 39. Nxe6+ Kf6 40. Nc7 Nxd6 41. Nxd5+ Kg5 42. Nxb4 Nf5 43. Ra5 Nf3+ 44. Kf2 N3d4 45. g4 Kxg4 46. Rg1+ Kh4 47. Rga1 Kg5 48. Re1 Kg6 49. Re4 Rb8 50. Nd5 Rb2+ 51. Ke1 Nf3+ 52. Kd1 N5d4 53. Nf4+ Kf7 54. Kc1 Rc2+ 55. Kd1 Rd2+ 0-1

[Event "IV Copa Marcel Duchamp 2020"]
[Site "Montevideo"]
[Date "2020.02.15"]
[Round "9.23"]
[White "Escofet, Jaime"]
[Black "Gomez Troccoli, Martin"]
[Result "1/2-1/2"]
[ECO "C06"]
[WhiteElo "2025"]
[BlackElo "2004"]
[Annotator "ChessBase"]
[PlyCount "107"]
[EventDate "2020.02.08"]
[EventType "swiss"]
[EventCountry "URU"]
[SourceTitle "playchess.com"]
[Source "ChessBase"]
[SourceQuality "1"]
[TimeControl "5400+30"]

1. e4 e6 2. d4 d5 3. Nd2 Nf6 4. e5 Nfd7 5. Bd3 c5 6. c3 Nc6 7. Ne2 cxd4 8. cxd4 f6 9. exf6 Nxf6 10. O-O Bd6 11. Nf3 Qc7 12. Bg5 O-O 13. Bh4 Nh5 14. Rc1 Rxf3 15. gxf3 Bxh2+ 16. Kg2 Bf4 17. Rc2 e5 18. Bg3 Qf7 19. Rh1 Nb4 20. dxe5 Nxd3 21. Qxd3 Bf5 22. Qc3 Bh6 23. e6 Bxe6 24. Qe5 Nxg3 25. Qxg3 Qf6 26. Rc7 Rd8 27. Rxb7 d4 28. Rb8 Bc8 29. Qc7 Qf8 30. Qc4+ Kh8 31. Rxc8 Rxc8 32. Qxd4 Qe7 33. Ng3 Rd8 34. Re1 Qc7 35. Nf5 Bg5 36. Qg4 Bf6 37. Re7 Qb6 38. Re2 Bxb2 39. Qe4 Qg6+ 40. Ng3 Qxe4 41. fxe4 Be5 42. Rc2 g6 43. Ne2 g5 44. Rc5 Re8 45. Ra5 Re7 46. f3 h6 47. Ng3 Bb8 48. Ra6 Bxg3 49. Kxg3 Kg7 50. Kg4 Rf7 51. a4 Rf4+ 52. Kg3 Rf7 53. Rc6 h5 54. Ra6 1/2-1/2

[Event "IV Copa Marcel Duchamp 2020"]
[Site "Montevideo"]
[Date "2020.02.15"]
[Round "9.24"]
[White "De la Torre, Andres"]
[Black "Trois, Francisco R.T."]
[Result "0-1"]
[ECO "A04"]
[WhiteElo "1595"]
[BlackElo "2141"]
[Annotator "ChessBase"]
[PlyCount "46"]
[EventDate "2020.02.08"]
[EventType "swiss"]
[EventCountry "URU"]
[SourceTitle "playchess.com"]
[Source "ChessBase"]
[SourceQuality "1"]
[TimeControl "5400+30"]

1. Nf3 g6 2. g3 Bg7 3. Bg2 e5 4. d3 d5 5. c3 Ne7 6. Nbd2 Nbc6 7. e4 h6 8. Qc2 O-O 9. O-O Be6 10. b3 f5 11. Ba3 dxe4 12. dxe4 f4 13. Rad1 Qe8 14. h4 Qf7 15. Kh2 g5 16. hxg5 Qh5+ 17. Kg1 hxg5 18. Rde1 Rf7 19. Qd1 Ng6 20. Bc1 Raf8 21. Nh2 g4 22. f3 fxg3 23. Nxg4 Bxg4 0-1

[Event "IV Copa Marcel Duchamp 2020"]
[Site "Montevideo"]
[Date "2020.02.15"]
[Round "9.25"]
[White "Meza, Anahi"]
[Black "Santiso, Daniel"]
[Result "1-0"]
[ECO "A90"]
[WhiteElo "2046"]
[BlackElo "1900"]
[Annotator "NA"]
[PlyCount "83"]
[EventDate "2020.02.08"]
[EventType "swiss"]
[EventCountry "URU"]
[SourceTitle "playchess.com"]
[Source "ChessBase"]
[SourceQuality "1"]
[TimeControl "5400+30"]

1. d4 e6 2. c4 f5 3. g3 Nf6 4. Bg2 c6 5. Nc3 d5 6. Nh3 Bd6 7. O-O O-O 8. Bf4 b6 9. Bxd6 Qxd6 10. b3 Bb7 11. e3 Na6 12. Rc1 Ne4 13. Ne2 Rad8 $11 14. Nef4 dxc4 15. Bxe4 fxe4 16. Ng5 Nc7 17. Qh5 h6 18. Nxe4 Qe7 19. Ng6 Qe8 20. Qg4 cxb3 21. Nxf8 Qxf8 22. axb3 Nd5 23. Qxe6+ Kh8 24. Qg6 Ne7 25. Qg4 Bc8 26. Qf4 Qg8 27. Qc7 Qf8 28. Qf4 Qg8 29. Nd2 Bh3 30. Rfe1 Rf8 31. Qh4 Qe6 32. Qe4 Qf7 33. f4 Be6 34. Nc4 Bd5 35. Qd3 b5 36. Ne5 Qg8 37. e4 Bxb3 38. d5 Bc4 39. Nxc4 bxc4 40. Qxc4 cxd5 41. Qc5 Re8 42. Qxa7 1-0

[Event "IV Copa Marcel Duchamp 2020"]
[Site "Montevideo"]
[Date "2020.02.15"]
[Round "9.26"]
[White "Soto, Nicolas"]
[Black "Avedisian, Alexander"]
[Result "1/2-1/2"]
[ECO "B35"]
[WhiteElo "2002"]
[BlackElo "1892"]
[Annotator "ChessBase"]
[PlyCount "170"]
[EventDate "2020.02.08"]
[EventType "swiss"]
[EventCountry "URU"]
[SourceTitle "playchess.com"]
[Source "ChessBase"]
[SourceQuality "1"]
[TimeControl "5400+30"]

1. e4 c5 2. Nf3 g6 3. d4 cxd4 4. Nxd4 Nf6 5. Nc3 Nc6 6. Bc4 Bg7 7. Be3 Qa5 8. O-O O-O 9. Bb3 d6 10. f3 Bd7 11. Qd2 Rac8 12. Rad1 Rfe8 13. Nxc6 Bxc6 14. Kh1 Nd7 15. Bd4 Bxd4 16. Qxd4 Qc5 17. Qd2 Ne5 18. Qh6 e6 19. h4 Bb5 20. Nxb5 Qxb5 21. Rf2 a5 22. a4 Qb4 23. Qd2 Qc5 24. Qd4 Nc4 25. Bxc4 Qxc4 26. Qxc4 Rxc4 27. Rxd6 Rxa4 28. Rb6 Re7 29. Rd2 f5 30. b3 Ra1+ 31. Kh2 a4 32. bxa4 Rxa4 33. Re2 Ra6 34. Rxa6 bxa6 35. exf5 gxf5 36. Re5 Kf7 37. Ra5 Rc7 38. Rxa6 Rxc2 39. Kg3 h5 40. Ra7+ Kf6 41. Rh7 Kg6 42. Rh8 e5 43. Rg8+ Kh6 44. Rg5 f4+ 45. Kh2 Re2 46. Kg1 e4 47. fxe4 Rxe4 48. Kf2 Ra4 49. Kf3 Rb4 50. Re5 Kg6 51. Rg5+ Kh6 52. Rf5 Kg6 53. Rxf4 Rb3+ 54. Kf2 Ra3 55. Rf3 Ra2+ 56. Kg3 Ra4 57. Rb3 Rc4 58. Rb6+ Kf5 59. Rb5+ Kg6 60. Kh3 Rc3+ 61. g3 Rc6 62. Rg5+ Kh6 63. Kg2 Rc3 64. Kf2 Ra3 65. Re5 Kg6 66. Re6+ Kh7 67. Re3 Ra4 68. Kf3 Kg6 69. Re4 Ra5 70. Kf4 Rf5+ 71. Ke3 Ra5 72. Re8 Ra3+ 73. Kf4 Ra4+ 74. Re4 Ra6 75. Rd4 Re6 76. Rd5 Rf6+ 77. Ke4 Re6+ 78. Kd4 Re1 79. Rg5+ Kh6 80. Re5 Rg1 81. Re3 Rf1 82. Re6+ Kg7 83. Ke5 Rf3 84. Re7+ Kg6 85. Re6+ Kg7 1/2-1/2

[Event "IV Copa Marcel Duchamp 2020"]
[Site "Montevideo"]
[Date "2020.02.15"]
[Round "9.27"]
[White "Siddeley, Hugh"]
[Black "Palacio, Enzo"]
[Result "1/2-1/2"]
[ECO "B91"]
[WhiteElo "1974"]
[BlackElo "1869"]
[Annotator "ChessBase"]
[PlyCount "71"]
[EventDate "2020.02.08"]
[EventType "swiss"]
[EventCountry "URU"]
[SourceTitle "playchess.com"]
[Source "ChessBase"]
[SourceQuality "1"]
[TimeControl "5400+30"]

1. e4 c5 2. Nf3 d6 3. d4 cxd4 4. Nxd4 Nf6 5. Nc3 a6 6. g3 e5 7. Nde2 Be7 8. Bg2 Be6 9. h3 Nbd7 10. g4 Nb6 11. Bg5 h5 12. Bxf6 Bxf6 13. Ng3 hxg4 14. hxg4 Rxh1+ 15. Bxh1 g6 16. Nd5 Bh4 17. Qf3 Bxd5 18. exd5 Bxg3 19. Qxg3 Qc7 20. Qd3 Qc4 21. Qxc4 Nxc4 22. O-O-O Ke7 23. Be4 Rf8 24. Rh1 Kf6 25. b3 Nb6 26. Kd2 Kg7 27. g5 Nd7 28. Ke3 f5 29. gxf6+ Nxf6 30. f3 Nxe4 31. Kxe4 Rf4+ 32. Ke3 Rd4 33. c4 Rf4 34. Rc1 b6 35. a3 a5 36. Rc2 1/2-1/2

[Event "IV Copa Marcel Duchamp 2020"]
[Site "Montevideo"]
[Date "2020.02.15"]
[Round "9.28"]
[White "Aprahamian, Tomas"]
[Black "Cucchi, Nicolas"]
[Result "1/2-1/2"]
[ECO "D04"]
[WhiteElo "1415"]
[BlackElo "1970"]
[Annotator "NA"]
[PlyCount "61"]
[EventDate "2020.02.08"]
[EventType "swiss"]
[EventCountry "URU"]
[SourceTitle "playchess.com"]
[Source "ChessBase"]
[SourceQuality "1"]
[TimeControl "5400+30"]

1. d4 Nf6 2. Nf3 d5 3. e3 c5 4. b3 cxd4 5. exd4 Nc6 6. Bb2 {[%emt 0:00:26] D04: Colle System.} Bg4 7. Nbd2 e6 8. a3 Be7 9. Bd3 O-O 10. O-O Rc8 11. Rc1 {[%emt 0:01:52] [#]} Bd6 $146 ({Predecessor:} 11... Re8 12. Qe1 Bf8 13. Qe3 Bh5 14. Ne5 Nxe5 15. dxe5 Nd7 16. c4 Bc5 17. Qg3 Nf8 {½-½ (47) Antonica,D (2230)-Tsvetkov,A (2346) Bratislava 2019}) 12. c4 Bf4 13. Be2 Ne4 14. Rc2 Nxd2 15. Nxd2 Bf5 16. Rc1 {[%emt 0:01:04] [#]} dxc4 $1 17. Rxc4 b5 18. Rxc6 Rxc6 19. Bxb5 Rb6 $2 (19... Rc2 $19 {and Black stays clearly on top.} 20. Nc4 Qb8 {[%mdl 64] Decoy}) 20. a4 Qc7 21. g3 $17 Bxd2 22. Qxd2 Qc2 23. Qxc2 Bxc2 24. Ba3 Rd8 25. Bc5 Rb7 26. b4 Be4 27. Re1 Bd5 28. Ba6 Rc7 29. a5 Bb7 30. Bxb7 Rxb7 31. f4 1/2-1/2

[Event "IV Copa Marcel Duchamp 2020"]
[Site "Montevideo"]
[Date "2020.02.15"]
[Round "9.29"]
[White "Moccero, Eduardo"]
[Black "Cardozo, Camila"]
[Result "1-0"]
[ECO "D63"]
[WhiteElo "1926"]
[BlackElo "1539"]
[Annotator "NA"]
[PlyCount "67"]
[EventDate "2020.02.08"]
[EventType "swiss"]
[EventCountry "URU"]
[SourceTitle "playchess.com"]
[Source "ChessBase"]
[SourceQuality "1"]
[TimeControl "5400+30"]

1. d4 d5 2. c4 e6 3. Nc3 Nf6 4. Bg5 Nbd7 5. e3 Be7 6. Nf3 O-O 7. Rc1 b6 8. cxd5 exd5 9. Be2 Bb7 10. O-O Rc8 11. Qb3 Ba8 (11... c5 $11) 12. Ba6 Rb8 13. Qc2 Bb7 14. Bd3 c5 15. Rfe1 Rc8 16. Qb1 h6 $14 17. Bh4 c4 18. Bf5 Re8 19. Nb5 Bb4 20. Bxf6 gxf6 21. Red1 a6 22. a3 Be7 23. Nc3 b5 24. Bh3 Rb8 25. Qf5 Nf8 26. Qh5 Kg7 27. Nh4 Ng6 28. Nf5+ Kg8 29. Nxh6+ Kg7 30. Nf5+ Kg8 31. Ne2 Bc8 32. Nf4 Nxf4 33. exf4 Bf8 34. Rc3 1-0

[Event "IV Copa Marcel Duchamp 2020"]
[Site "Montevideo"]
[Date "2020.02.15"]
[Round "9.32"]
[White "Munoz Rozas, Diego"]
[Black "Belistri, Ubaldo"]
[Result "0-1"]
[ECO "A41"]
[WhiteElo "1685"]
[BlackElo "1877"]
[Annotator "NA"]
[PlyCount "48"]
[EventDate "2020.02.08"]
[EventType "swiss"]
[EventCountry "URU"]
[SourceTitle "playchess.com"]
[Source "ChessBase"]
[SourceQuality "1"]
[TimeControl "5400+30"]

1. d4 d6 2. Nf3 Nf6 3. Bf4 Bg4 4. e3 Nbd7 5. Bb5 c6 (5... e5 $5 6. dxe5 dxe5 $11) 6. Be2 Qb6 7. Qc1 {[%emt 0:00:06] [#]} e5 $1 8. dxe5 dxe5 9. Bg5 $17 (9. Bg3 $11 {keeps the balance.}) 9... e4 10. Bxf6 Nxf6 11. Nd4 Bxe2 12. Nxe2 Bd6 13. O-O Be5 14. c3 O-O 15. Nd2 Rfe8 16. Ng3 Bxg3 17. hxg3 Qc5 18. Qd1 Qg5 19. Qe2 Ng4 20. Rfd1 Re6 21. Qc4 Rae8 22. b4 Nxe3 23. Nxe4 Rxe4 24. Rd4 Nxc4 0-1